[Event "Team 45 45 League 2006 Invitational"]
[Site "Internet Chess Club"]
[Date "2006.11.05"]
[Round "1"]
[White "azbycx"]
[Black "Flying-Tiger"]
[Result "1-0"]
[WhiteElo "1990"]
[BlackElo "1892"]
[TimeControl "2700+45"]

1. d4 Nf6 2. c4 e6 3. Nf3 Bb4+ 4. Nbd2 b6 5. a3 Bxd2+ 6. Bxd2 h6 7. Qc2 d6 8. e4 Bb7 9. Bd3 Nbd7 10. Bc3 Nh7 11. h4 f6 12. O-O-O e5 13. Rhe1 Qe7 14. Kb1 O-O-O 15. b4 Nhf8 16. d5 Ng6 17. g3 Qf7 18. Be2 Ne7 19. Nd2 f5 20. exf5 Nxf5 21. Bg4 Rhf8 22. Ne4 Kb8 23. Bh3 g6 24. Rd2 Bc8 25. Kb2 Nf6 26. Bg2 Ne7 27. Nxf6 Qxf6 28. f4 Qf5 29. fxe5 Qxc2+ 30. Kxc2 dxe5 31. Bxe5 Nf5 32. g4 Nxh4 33. d6 Rxd6 34. Bxd6 cxd6 35. Bc6 Bxg4 36. Re7 Bf5+ 37. Kc3 Bc8 38. Rde2 Rd8 39. Rh7 Nf5 40. Re8 Rxe8 41. Bxe8 g5 42. Bg6 g4 43. Bxf5 Bxf5 44. Rxh6 Kc7 45. Kd4 a6 46. Kd5 g3 47. Rf6 Bg4 48. Rf7+ Kd8 49. Kxd6 Ke8 50. Rg7 Be2 51. c5 bxc5 52. bxc5 a5 53. Re7+ Kd8 54. Rxe2 a4 55. c6 {Black resigns} 1-0

[Event "Team 45 45 League 2006 Invitational"]
[Site "Internet Chess Club"]
[Date "2006.11.05"]
[Round "1"]
[White "QuaqQuao"]
[Black "chiiwen"]
[Result "1-0"]
[WhiteElo "1710"]
[BlackElo "1726"]
[TimeControl "2700+45"]

1. Nf3 f5 2. b3 d6 3. e3 Nf6 4. Bb2 e5 5. Nc3 g6 6. d4 e4 7. Ng5 Bh6 8. h4 O-O 9. d5 c5 10. Ne2 Na6 11. Nf4 Nc7 12. c4 a6 13. Qd2 b5 14. Be2 b4 15. a3 a5 16. axb4 cxb4 17. Bd4 Qe7 18. Bb6 Bxg5 19. hxg5 Nfe8 20. Nh3 Qe5 21. Qd4 Qxd4 22. exd4 f4 23. Rxa5 Rxa5 24. Bxa5 f3 25. gxf3 exf3 26. Bd3 Bxh3 27. Rxh3 Rf4 28. Kd2 {Black resigns} 1-0

[Event "Team 45 45 League 2006 Invitational"]
[Site "Internet Chess Club"]
[Date "2006.11.05"]
[Round "1"]
[White "TheBrewer"]
[Black "Avedldesierto"]
[Result "0-1"]
[WhiteElo "1626"]
[BlackElo "1751"]
[TimeControl "2700+45"]

1. d4 Nf6 2. Nf3 d5 3. e3 Bg4 4. c4 e6 5. Qb3 Bxf3 6. Qxb7 Bxg2 7. Bxg2 Nbd7 8. cxd5 exd5 9. Nc3 Nb6 10. Qc6+ Qd7 11. Qxd7+ Kxd7 12. O-O c6 13. b3 Bd6 14. Bb2 h5 15. e4 dxe4 16. Nxe4 Nxe4 17. Bxe4 Nd5 18. Rac1 g6 19. Rc3 Nxc3 {White resigns} 0-1

[Event "Team 45 45 League 2006 Invitational"]
[Site "Internet Chess Club"]
[Date "2006.11.05"]
[Round "1"]
[White "upturnedcircle"]
[Black "tourettes"]
[Result "0-1"]
[WhiteElo "1949"]
[BlackElo "1842"]
[TimeControl "2700+45"]

1. d4 Nf6 2. c4 e6 3. Nf3 b6 4. a3 d5 5. cxd5 exd5 6. Nc3 Be7 7. Qa4+ c6 8. g3 O-O 9. Bg2 Bd6 10. O-O Bb7 11. Bg5 Nbd7 12. Rad1 h6 13. Bf4 Qc7 14. Bxd6 Qxd6 15. e3 Rfe8 16. b4 b5 17. Qb3 a5 18. Rd2 axb4 19. axb4 Ra7 20. Ra2 Rea8 21. Rxa7 Rxa7 22. Rc1 g5 23. Bf1 Qe6 24. Ne1 g4 25. Nd3 Qe8 26. Ne2 Qa8 27. Nef4 Ra3 28. Qd1 Qa4 29. Qxa4 bxa4 30. Nc5 Nxc5 31. bxc5 Rb3 32. Bd3 a3 33. Ra1 Ne4 34. Bxe4 dxe4 35. Kf1 Ba6+ 36. Ke1 Bc4 37. Ne2 a2 38. Rxa2 Rb1+ 39. Kd2 Bxa2 40. Nc3 Rb2+ 41. Kc1 Rxf2 42. d5 Bxd5 43. Nxd5 cxd5 {White resigns} 0-1

[Event "Team 45 45 League 2006 Invitational"]
[Site "Internet Chess Club"]
[Date "2006.11.05"]
[Round "1"]
[White "carolinaknight"]
[Black "Just-Jim"]
[Result "1-0"]
[WhiteElo "1298"]
[BlackElo "1419"]
[TimeControl "2700+45"]

1. e4 e5 2. Nf3 Nc6 3. Bc4 h6 4. c3 Bc5 5. O-O d6 6. a3 Bg4 7. d3 a6 8. Qb3 b5 9. Bxf7+ Ke7 10. Bd5 Qd7 11. Nh4 Qe8 12. Be3 Nf6 13. Nf5+ Bxf5 14. exf5 Na5 15. Qa2 c6 16. Be6 Bxe3 17. fxe3 d5 18. b4 Nb7 19. Nd2 Nd8 20. Nf3 Nxe6 21. Nxe5 Nf8 22. Rf3 Kd8 23. d4 Ne4 24. Rc1 g6 25. a4 gxf5 26. Rxf5 Qe6 27. Rcf1 Kc7 28. Rf7+ Kd6 29. axb5 cxb5 30. Qa5 Qe8 31. Qb6+ Qc6 32. Qxc6# {Black checkmated} 1-0

[Event "Team 45 45 League 2006 Invitational"]
[Site "Internet Chess Club"]
[Date "2006.11.05"]
[Round "1"]
[White "jazzpiano"]
[Black "Budzo"]
[Result "1/2-1/2"]
[WhiteElo "1753"]
[BlackElo "1758"]
[TimeControl "2700+45"]

1. e4 e6 2. Nf3 d5 3. e5 c5 4. b4 b6 5. c3 Qc7 6. bxc5 bxc5 7. d4 cxd4 8. cxd4 Bb4+ 9. Bd2 Bxd2+ 10. Qxd2 Ba6 11. Bxa6 Nxa6 12. O-O Ne7 13. Rc1 Qd7 14. Qa5 Nb8 15. Rc7 Nbc6 16. Rxd7 Nxa5 17. Rc7 Nac6 18. Rb7 O-O 19. Nc3 Nf5 20. Ne2 Rab8 21. Rab1 Rxb7 22. Rxb7 Rb8 23. Rxb8+ Nxb8 24. Kf1 Nc6 25. a3 Na5 26. Ke1 Nc4 27. a4 a5 28. Nc3 h6 29. g4 Ne7 30. Nd2 Nxd2 31. Kxd2 Nc8 32. Kc2 Nb6 33. Kb3 Kf8 34. Nb5 Nc4 35. Kc3 Nb6 36. Kb3 Nc4 37. Kc3 Nb6 {Game drawn by mutual agreement} 1/2-1/2

[Event "Team 45 45 League 2006 Invitational"]
[Site "Internet Chess Club"]
[Date "2006.11.05"]
[Round "1"]
[White "JimGaming"]
[Black "Rubacchus"]
[Result "0-1"]
[WhiteElo "1307"]
[BlackElo "1401"]
[TimeControl "2700+45"]

1. e4 c5 2. Nf3 Nc6 3. Bb5 a6 4. Bxc6 bxc6 5. O-O d5 6. d3 e6 7. Re1 Be7 8. e5 f6 9. Bf4 g5 10. Bg3 g4 11. Nfd2 f5 12. Nf1 Rb8 13. b3 Qb6 14. Nbd2 Bg5 15. c4 Ne7 16. f4 Bh6 17. h3 Rg8 18. Nh2 Ng6 19. hxg4 Bxf4 20. Bxf4 Nxf4 21. Re3 Qc7 22. Qf3 d4 23. Ree1 Ng6 24. gxf5 exf5 25. Qh5 Be6 26. Ndf3 Qg7 27. Re2 Kd7 28. Qg5 h6 29. Qd2 Rbf8 30. Rf1 f4 31. Rff2 Rf5 32. Ng4 Ke7 33. Nf6 Rxf6 34. exf6+ Qxf6 35. Qa5 h5 36. Qxc5+ Kf7 37. Qxc6 Ne7 38. Qxe6+ Qxe6 39. Rxe6 Kxe6 40. Nxd4+ Ke5 41. Ne2 Rg4 42. d4+ Ke4 43. Rf3 h4 44. d5 Nf5 45. c5 Kxd5 46. Nxf4+ Kxc5 47. Nd3+ Kd4 48. Nf2 Rg5 49. Rd3+ Ke5 50. Rc3 Ng3 51. Rc5+ Kf4 52. Rxg5 Kxg5 53. Nh3+ Kf5 54. Kf2 Ne4+ 55. Ke3 a5 56. a4 Nc5 57. b4 axb4 58. a5 b3 59. Kd2 Kg4 60. Kc3 Kg3 61. Ng5 Kxg2 62. Ne4 Ne6 63. Kxb3 h3 64. a6 h2 65. a7 Nc7 66. Nd6 h1=Q {White resigns} 0-1

[Event "Team 45 45 League 2006 Invitational"]
[Site "Internet Chess Club"]
[Date "2006.11.06"]
[Round "1"]
[White "Invicta-Knight"]
[Black "clarinetref"]
[Result "0-1"]
[WhiteElo "1484"]
[BlackElo "1541"]
[TimeControl "2700+45"]

1. e4 d6 2. d4 Nf6 3. Nc3 g6 4. Be3 c6 5. Bd3 b5 6. f4 Ng4 7. Bd2 Bg7 8. Nf3 Qb6 9. h3 Nf6 10. e5 dxe5 11. fxe5 Nfd7 12. Qe2 e6 13. Rf1 b4 14. Ne4 O-O 15. Nd6 c5 16. Ng5 cxd4 17. Ngxf7 Nxe5 18. Nxc8 Nxd3+ 19. Qxd3 Rxc8 20. Qf3 Qc6 21. Nh6+ Kh8 22. Qf7 Qe4+ 23. Kf2 Rf8 {White resigns} 0-1

[Event "Team 45 45 League 2006 Invitational"]
[Site "Internet Chess Club"]
[Date "2006.11.06"]
[Round "1"]
[White "SargentBono"]
[Black "Warpdrive"]
[Result "1/2-1/2"]
[WhiteElo "1644"]
[BlackElo "1593"]
[TimeControl "2700+45"]

1. e4 Nf6 2. e5 Nd5 3. d4 d6 4. c4 Nb6 5. exd6 cxd6 6. Nc3 g6 7. Be3 Bg7 8. Rc1 O-O 9. b3 d5 10. c5 N6d7 11. Nxd5 e5 12. Bc4 Re8 13. Ne2 Nc6 14. O-O exd4 15. Nxd4 Nce5 16. Be2 Nxc5 17. Rxc5 b6 18. Nc6 Nxc6 19. Rxc6 Bb7 20. Nf6+ Bxf6 21. Qxd8 Bxd8 22. Rcc1 Bf6 23. Rc7 Re7 24. Rfc1 Rae8 25. Bb5 Rxc7 26. Rxc7 Re7 27. Rxe7 Bxe7 28. Bf4 a6 29. Bd3 b5 {Game drawn by mutual agreement} 1/2-1/2

[Event "Team 45 45 League 2006 Invitational"]
[Site "Internet Chess Club"]
[Date "2006.11.06"]
[Round "1"]
[White "RD1974"]
[Black "Spirou"]
[Result "1/2-1/2"]
[WhiteElo "1711"]
[BlackElo "1705"]
[TimeControl "2700+45"]

1. e4 e5 2. Bc4 Nf6 3. d3 c6 4. Nc3 Be7 5. Nf3 d5 6. exd5 cxd5 7. Bb5+ Bd7 8. Bxd7+ Nbxd7 9. O-O O-O 10. Re1 d4 11. Ne4 Nxe4 12. dxe4 Rc8 13. Re2 Qc7 14. Ne1 f5 15. exf5 Rxf5 16. Qd3 Rcf8 17. Qg3 Qc6 18. c3 dxc3 19. Qxc3 Qxc3 20. bxc3 Bc5 21. Nf3 h6 22. Be3 Bxe3 23. Rxe3 g5 24. Rd1 R8f7 25. h3 h5 26. Red3 Nc5 27. Rd8+ Kg7 28. Ra8 b6 29. Rdd8 Ne6 30. Rg8+ Kf6 31. Rh8 g4 32. hxg4 hxg4 33. Rh6+ Ke7 34. Rxa7+ Kd6 35. Rxf7 Rxf7 36. Ng5 Re7 37. Kf1 Kd7 38. Nxe6 Rxe6 39. Rh7+ Kd6 40. Rg7 Kc5 41. Rxg4 e4 42. Ke2 b5 43. Ke3 Kc4 44. Rg5 Ra6 45. g4 Rxa2 46. Rg8 Kxc3 47. Rc8+ Kb2 48. g5 Ra6 49. Kxe4 b4 50. Kf5 b3 51. g6 Ra7 52. Kf6 Ra6+ 53. Kg5 Ra7 54. Kh6 Ra6 55. Kh7 Ra7+ 56. g7 Rf7 57. Kh8 Rxf2 58. g8=Q Rh2+ 59. Kg7 Rg2+ 60. Kf7 Rxg8 61. Rxg8 Kc2 62. Rc8+ Kd2 63. Rd8+ Kc2 64. Rc8+ Kd2 65. Rb8 Kc2 66. Ke6 b2 67. Rc8+ Kd2 68. Rb8 Kc2 69. Kd5 Kc1 70. Kd4 b1=Q 71. Rxb1+ Kxb1 {Game drawn because neither player has mating material} 1/2-1/2

[Event "Team 45 45 League 2006 Invitational"]
[Site "Internet Chess Club"]
[Date "2006.11.06"]
[Round "1"]
[White "RingLord"]
[Black "tammany"]
[Result "0-1"]
[WhiteElo "1718"]
[BlackElo "1667"]
[TimeControl "2700+45"]

1. e4 c5 2. Nf3 g6 3. c3 Bg7 4. Bd3 Nc6 5. Bc2 d5 6. exd5 Qxd5 7. d3 Bf5 8. Be3 Nf6 9. Nh4 Bg4 10. f3 Bd7 11. g3 Ne5 12. O-O O-O 13. Qe2 Rad8 14. d4 cxd4 15. Bxd4 Nc6 16. Rd1 Nxd4 17. Rxd4 Qc5 18. Kg2 Bc6 19. Rc4 Qd5 20. Rd4 Qh5 21. Nd2 Rxd4 22. cxd4 Nd5 23. Nb3 Nf4+ 24. gxf4 Qxh4 25. Be4 Qxf4 26. Bxc6 bxc6 27. Qe4 Qxe4 28. fxe4 Rd8 29. Rd1 e5 30. d5 cxd5 31. exd5 Rd6 32. Nc5 f5 33. b4 e4 34. a4 Kf7 35. Nb7 Rd7 36. Nc5 Rd8 37. d6 Be5 38. d7 Ke7 39. h3 Bc3 40. Rd5 Bxb4 41. Re5+ Kd6 42. Re8 Rxd7 43. Nxd7 Kxd7 44. Rh8 f4 45. Rxh7+ Ke6 46. Rxa7 f3+ 47. Kf1 e3 48. Ra6+ Kf5 49. Kg1 e2 50. Kh2 e1=Q {White resigns} 0-1

[Event "Team 45 45 League 2006 Invitational"]
[Site "Internet Chess Club"]
[Date "2006.11.07"]
[Round "1"]
[White "baumhauer"]
[Black "BaroneRosso"]
[Result "1-0"]
[WhiteElo "2028"]
[BlackElo "2050"]
[TimeControl "2700+45"]

1. c4 Nf6 2. Nc3 g6 3. g3 Bg7 4. Bg2 O-O 5. b3 d6 6. Bb2 e5 7. e3 Re8 8. Nge2 Nc6 9. O-O Bf5 10. d3 Qc8 11. Qd2 Nb4 12. Ne4 a5 13. a3 Na6 14. Nxf6+ Bxf6 15. e4 Bd7 16. Qxa5 Nc5 17. Qc3 b5 18. b4 Na4 19. Qc2 Nxb2 20. Qxb2 Bg7 21. Nc3 c6 22. Rfc1 Qd8 23. Qd2 h5 24. Ne2 h4 25. c5 hxg3 26. hxg3 dxc5 27. Rxc5 Qf6 28. Qe3 Bf8 29. Rcc1 Kh7 30. f4 Bh6 31. Kf2 exf4 32. gxf4 Bg4 33. Rh1 Bxe2 34. Kxe2 Kg7 35. Rhf1 Qb2+ 36. Qd2 Qd4 37. Ra2 c5 38. bxc5 Qxc5 39. d4 Qc4+ 40. Kf2 Bxf4 41. Qxf4 Qxa2+ 42. Kg1 Rxa3 43. Qf6+ Kg8 44. d5 Rf8 45. e5 Rg3 46. Rf2 Qxd5 47. Kh2 Rxg2+ 48. Rxg2 Qe6 49. Rxg6+ fxg6 50. Qxe6+ Kg7 51. Qd7+ Rf7 52. e6 {Black resigns} 1-0

[Event "Team 45 45 League 2006 Invitational"]
[Site "Internet Chess Club"]
[Date "2006.11.07"]
[Round "1"]
[White "jazzyrick"]
[Black "DaveTheRook"]
[Result "0-1"]
[WhiteElo "1603"]
[BlackElo "1636"]
[TimeControl "2700+45"]

1. e4 g6 2. d4 d6 3. c4 Bg7 4. Nc3 Nf6 5. Bd3 Nbd7 6. Bg5 c6 7. Nge2 h6 8. Bxf6 Nxf6 9. f3 Qa5 10. O-O O-O 11. a3 Nh5 12. b4 Qc7 13. Qd2 e5 14. d5 Qe7 15. Qe3 Bd7 16. Bc2 Kh7 17. Ba4 f5 18. Rad1 f4 19. Qd3 Qg5 20. dxc6 Bh3 21. Rf2 bxc6 22. Qxd6 Rad8 23. Qxc6 Rxd1+ 24. Nxd1 Rd8 25. Nec3 Rd3 26. Bc2 Rxf3 27. Qc5 Rxf2 28. Qxf2 Be6 29. Nd5 a6 30. Kf1 Nf6 31. N1c3 Ng4 32. Qg1 Bxd5 33. Nxd5 f3 34. gxf3 Qc1+ 35. Kg2 Qxc2+ 36. Kg3 Nf6 37. Qc5 Nh5+ 38. Kh3 Qe2 39. Qe3 Qf1+ 40. Kg4 Qg2+ {White resigns} 0-1

[Event "Team 45 45 League 2006 Invitational"]
[Site "Internet Chess Club"]
[Date "2006.11.08"]
[Round "1"]
[White "JustinZ"]
[Black "Fogbound"]
[Result "0-1"]
[WhiteElo "1286"]
[BlackElo "1346"]
[TimeControl "2700+45"]

1. e4 e5 2. Nf3 Nc6 3. Bb5 a6 4. Bxc6 dxc6 5. O-O Nf6 6. Nc3 Be7 7. Re1 O-O 8. Nxe5 Bc5 9. d3 Qd4 10. Qd2 Qxe5 11. Na4 Bd6 12. d4 Qxh2+ 13. Kf1 Qh1+ 14. Ke2 Qxg2 15. Kd1 Bg4+ 16. f3 Bxf3+ 17. Re2 Qf1+ 18. Qe1 Qh3 19. e5 Bxe5 20. dxe5 Rad8+ 21. Bd2 Ne4 22. Kc1 Bxe2 23. Qxe2 Nxd2 24. Qxd2 Qf1+ {White resigns} 0-1

[Event "Team 45 45 League 2006 Invitational"]
[Site "Internet Chess Club"]
[Date "2006.11.12"]
[Round "1"]
[White "Havoc"]
[Black "curtintime"]
[Result "1-0"]
[WhiteElo "1559"]
[BlackElo "1339"]
[TimeControl "2700+45"]

1. e4 e5 2. Nf3 Nc6 3. d4 d5 4. Nxe5 Nxe5 5. dxe5 dxe4 6. Qxd8+ Kxd8 7. Nc3 f6 8. Bf4 g5 9. Rd1+ Ke8 10. Nd5 Kf7 11. Nxc7 Rb8 12. Be3 Bg4 13. Be2 Bxe2 14. e6+ Kg6 15. Kxe2 Rc8 16. Rd7 Bd6 17. Rxd6 Rxc7 18. c3 Ne7 19. Rhd1 Nf5 20. Rd7 Rxd7 21. exd7 Rd8 22. Bxa7 Ne7 23. Bb6 Nc6 24. Bxd8 Nxd8 25. g4 f5 26. Rd6+ Kf7 27. gxf5 Ke7 28. Rd2 Kf6 29. Rd5 h5 30. Ke3 {Black resigns} 1-0